WCHLSIM.com - West Coast Hockey League
html PUBLIC "-//W3C//DTD XHTML 1.0 Transitional//EN" "http://www.w3.org/TR/xhtml1/DTD/xhtml1-transitional.dtd"> WCHL - Game 220 - REGINA FALCONS vs WINNIPEG BEAVERS

REGINA FALCONS vs WINNIPEG BEAVERS

Created - 6 novembre 2019 at 18:06

Goals
1 2 3 OT1 T
REGINA FALCONS 1 0 1 0 2
WINNIPEG BEAVERS 1 1 0 1 3
Shots
1 2 3 OT1 T
REGINA FALCONS 8 11 6 0 25
WINNIPEG BEAVERS 11 4 6 6 27

1st period

1. WINNIPEG BEAVERS , Brad Marchand 5 (David Krejci 9) at 0:06
2. REGINA FALCONS , Jonathan Miller 5 (Max Pacioretty 7, Boone Jenner 9) at 9:28

Penalties :
Joel Edmundson (REG) for Charging (Minor) at 3:47, Ben Harpur (REG) for Holding (Minor) at 6:40, Blake Comeau (REG) for Hooking (Minor) at 12:01

2nd period

3. WINNIPEG BEAVERS , Mika Zibanejad 9 (Ilya Kovalchuk 3, Reyley Smith 11) at 7:55

Penalties :
Caleb Jones (WIN) for Tripping (Minor) at 3:47, Kris Russell (WIN) for Roughing (Minor) at 12:21

3rd period

4. REGINA FALCONS , David Pastrnak 7 (Ron Hainsey 3, Brandon Saad 5) at 3:00

Penalties :
Nick Seeler (WIN) for Boarding (Minor) at 0:33, Brad Marchand (WIN) for Interference (Minor) at 3:26, Brady Tkachuk (REG) for High sticking (Minor) at 16:20

Overtime #1

5. WINNIPEG BEAVERS , Brad Marchand 6 (David Krejci 10) at 3:27

Penalties :
No Penalty

Goalie Stats

Frederik Andersen (REG), 24 saves from 27 shots - (0,889), OTL, 5-3-3, 63:28 minutes
Sergei Bobrovsky (WIN), 23 saves from 25 shots - (0,920), W, 6-5-1, 63:28 minutes

Players Stats for REGINA FALCONS

Player Name              G  A  P  +/- PIM S  H  SB GA TA FO     MP     PP MP  PK MP  
------------------------------------------------------------------------------------
Ben Harpur               0  0  0   0  2   0  1  0  0  0  0/0    13:49   0:00   2:39 
Blake Comeau             0  0  0   0  2   0  2  0  0  0  0/1    11:50   0:00   3:16 
Boone Jenner             0  1  1   0  0   3  1  0  0  0  12/19  20:40   3:53   0:00 
Brady Tkachuk            0  0  0   0  2   1  0  0  0  0  0/0     8:58   0:00   0:24 
Brandon Saad             0  1  1  -1  0   4  1  1  0  0  0/2    23:17   4:03   1:09 
Brian Gibbons            0  0  0   0  0   2  0  0  0  0  3/13   11:54   0:00   3:19 
David Pastrnak           1  0  1   0  0   4  4  0  0  0  0/6    21:17   4:03   0:00 
Filip Hronek             0  0  0   0  0   0  0  0  0  0  0/0    15:49   4:15   0:21 
Frederick Gaudreau       0  0  0   0  0   1  0  0  0  0  3/11    8:19   0:00   4:01 
Joel Edmundson           0  0  0   2  2   0  5  1  0  0  0/0    18:55   0:00   2:34 
Jonathan Miller          1  0  1  -1  0   4  2  0  0  0  0/1    20:26   3:53   0:24 
Marc-Edouard Vlasic      0  0  0  -3  0   0  1  0  0  0  0/0    27:22   3:41   4:42 
Matt Martin              0  0  0   0  0   0  1  0  0  0  0/0     4:18   0:00   0:00 
Max Pacioretty           0  1  1   0  0   4  0  0  0  0  1/1    20:31   3:53   0:00 
Nazem Kadri              0  0  0   0  0   0  0  0  0  0  11/23  19:51   4:03   0:00 
Ron Hainsey              0  1  1   2  0   0  1  2  0  0  0/0    22:09   3:41   1:04 
Ryan Murray              0  0  0  -2  0   2  0  0  0  0  0/0    25:22   4:15   4:32 
Valeri Nichushkin        0  0  0   0  0   0  0  0  0  0  0/1     7:37   0:00   3:19 

Players Stats for WINNIPEG BEAVERS

Player Name              G  A  P  +/- PIM S  H  SB GA TA FO     MP     PP MP  PK MP  
------------------------------------------------------------------------------------
Brad Marchand            2  0  2   0  2   5  0  0  0  0  3/5    22:11   4:05   0:00 
Brandon Tanev            0  0  0   0  0   1  0  2  0  0  1/1    15:30   0:00   4:08 
Caleb Jones              0  0  0   0  2   0  0  0  0  0  0/0    17:30   4:18   0:52 
David Backes             0  0  0   0  0   0  0  0  0  0  2/2    14:36   0:00   3:14 
David Krejci             0  2  2   0  0   4  1  0  0  0  17/25  19:58   3:51   0:00 
Gustav Nyquist           0  0  0  -1  0   0  1  0  0  0  0/0    18:21   4:05   0:00 
Ilya Kovalchuk           0  1  1   1  0   0  0  0  0  0  0/1    17:35   3:51   0:00 
Justin Braun             0  0  0   0  0   0  2  4  0  0  0/0    22:40   3:55   4:16 
Kris Russell             0  0  0   0  2   2  2  0  0  0  0/0    23:54   4:01   2:25 
Matt Cullen              0  0  0   0  0   1  1  0  0  0  3/9     9:46   0:00   2:47 
Mika Zibanejad           1  0  1   1  0   3  1  0  0  0  8/15   12:52   3:21   0:00 
Mike Green               0  0  0   1  0   0  1  0  0  0  0/0    24:09   3:16   2:02 
Nick Seeler              0  0  0   0  2   0  1  0  0  0  0/0    16:10   0:00   2:30 
Pontus Aberg             0  0  0   0  0   0  0  0  0  0  0/0     4:46   0:00   0:00 
Reyley Smith             0  1  1   1  0   6  0  0  0  0  0/0    19:12   3:51   0:00 
Travis Zajac             0  0  0   0  0   5  0  0  0  0  14/20  18:25   0:44   4:42 
Trevor Daley             0  0  0   0  0   0  0  0  0  0  0/0    19:02   0:22   3:47 
Troy Brouwer             0  0  0   0  0   0  2  0  0  0  0/0     5:47   0:00   1:01 

3 Stars

1 - Brad Marchand (WIN)
2 - Mika Zibanejad (WIN)
3 - David Pastrnak (REG)

Power Play

REGINA FALCONS - 0 on 4 Attempt(s) - 0,00%
WINNIPEG BEAVERS - 0 on 4 Attempt(s) - 0,00%

Penalty Kill

REGINA FALCONS - 4 on 4 Attempt(s) - 100,00% - Score 0 goal in Penalty Kill
WINNIPEG BEAVERS - 4 on 4 Attempt(s) - 100,00% - Score 0 goal in Penalty Kill

Team Stat

REGINA FALCONS - Hits : 19 - Faceoff Wins : 30 - Blocked Shots : 4 - Penalty Minutes : 8
WINNIPEG BEAVERS - Hits : 12 - Faceoff Wins : 48 - Blocked Shots : 6 - Penalty Minutes : 8

Official

Referees : Dennis LaRue and Garrett Rank
Linesman : Fred Hudy and Kevin Briganti

Game Notes

Mika Zibanejad is injured at 2:49 of 3rd period (Bruised Right Shoulder)

Finance

Level 1 -- Attendance: 6000 (100,00%) -- Ticket Income 744 000 $
Level 2 -- Attendance: 4799 (95,98%) -- Ticket Income 417 513 $
Level 3 -- Attendance: 2000 (100,00%) -- Ticket Income 128 000 $
Level 4 -- Attendance: 4000 (100,00%) -- Ticket Income 172 000 $
Luxury Box -- Attendance: 1000 (100,00%) -- Ticket Income 255 000 $
Total Attendance: 17799 (98,88%)
Total Ticket Income: 1 716 513 $
Other Income: 514 954 $
Total Income: 2 231 467 $

REGINA FALCONS

5 vs 5 Forward 
   Center                   Left Wing                Right Wing               Time % Phy DF OF 
 1 Nazem Kadri              Brandon Saad             David Pastrnak           37     0   2  3  
 2 Boone Jenner             Max Pacioretty           Jonathan Miller          36     0   2  3  
 3 Brian Gibbons            Brady Tkachuk            Blake Comeau             20     1   2  2  
 4 Frederick Gaudreau       Matt Martin              Valeri Nichushkin        7      1   3  1  

5 vs 5 Defense 
   Defense                  Defense                                           Time % Phy DF OF 
 1 Marc-Edouard Vlasic      Ryan Murray                                       37     0   4  1  
 2 Ron Hainsey              Joel Edmundson                                    35     1   3  1  
 3 Filip Hronek             Ben Harpur                                        28     1   4  0  
 4 Marc-Edouard Vlasic      Joel Edmundson                                    0      0   5  0  

PowerPlay Forward 
   Center                   Left Wing                Right Wing               Time % Phy DF OF 
 1 Nazem Kadri              Brandon Saad             David Pastrnak           55     0   1  4  
 2 Boone Jenner             Max Pacioretty           Jonathan Miller          45     0   1  4  

PowerPlay Defense
   Defense                  Defense                                           Time % Phy DF OF 
 1 Filip Hronek             Ryan Murray                                       55     0   1  4  
 2 Ron Hainsey              Marc-Edouard Vlasic                               45     0   2  3  

Penalty Kill 4 Players Forward 
   Center                   Wing                     Time % Phy DF OF 
 1 Frederick Gaudreau       Blake Comeau             55     0   5  0  
 2 Brian Gibbons            Valeri Nichushkin        45     0   5  0  

Penalty Kill 4 Players Defense
   Defense                  Defense                  Time % Phy DF OF 
 1 Ben Harpur               Joel Edmundson           55     0   5  0  
 2 Ryan Murray              Marc-Edouard Vlasic      45     0   5  0  

Penalty Kill - 3 Players Forward 
   Forward                                           Time % Phy DF OF 
 1 Frederick Gaudreau                                55     0   5  0  
 2 Brian Gibbons                                     45     0   5  0  

Penalty Kill - 3 Players Defense
   Defense                  Defense                  Time % Phy DF OF 
 1 Ben Harpur               Joel Edmundson           55     0   5  0  
 2 Ryan Murray              Marc-Edouard Vlasic      45     0   5  0  

4 vs 4 Forward 
   Center                   Wing                     Time % Phy DF OF 
 1 Nazem Kadri              David Pastrnak           50     0   2  3  
 2 Boone Jenner             Brandon Saad             50     0   2  3  

4 vs 4 Defense
   Defense                  Defense                  Time % Phy DF OF 
 1 Filip Hronek             Ryan Murray              50     0   2  3  
 2 Ron Hainsey              Marc-Edouard Vlasic      50     0   3  2  

Last Minutes Offensive
   Center                   Left Wing                Right Wing               Defense                  Defense                  
   Nazem Kadri              Max Pacioretty           David Pastrnak           Marc-Edouard Vlasic      Ryan Murray              

Last Minutes Defensive
   Center                   Left Wing                Right Wing               Defense                  Defense                  
   Boone Jenner             Brandon Saad             Jonathan Miller          Joel Edmundson           Ron Hainsey              

Goaltenders
Starting : Frederik Andersen        
Backup : Anton Khudobin           

Extra Forwards
Normal : David Pastrnak, Brandon Saad, Max Pacioretty - PP : David Pastrnak, Nazem Kadri - PK : Brandon Saad
Extra Defensemen
Normal : Ryan Murray, Joel Edmundson, Ben Harpur - PP : Marc-Edouard Vlasic - PK : Ron Hainsey, Joel Edmundson
Penalty Shots
David Pastrnak, Brady Tkachuk, Max Pacioretty, Jonathan Miller, Nazem Kadri
Custom OT Lines Forwards
David Pastrnak, Brandon Saad, Boone Jenner, Max Pacioretty, Jonathan Miller, Nazem Kadri, Brady Tkachuk, Blake Comeau, Matt Martin, Valeri Nichushkin
Custom OT Lines Defensemen
Marc-Edouard Vlasic, Ron Hainsey, Ryan Murray, Ben Harpur, Joel Edmundson

Scratches
Antti Suomela (Broken Right Thumb Injury), Sami Vatanen (Healthy)

WINNIPEG BEAVERS

5 vs 5 Forward 
   Center                   Left Wing                Right Wing               Time % Phy DF OF 
 1 David Krejci             Brad Marchand            Gustav Nyquist           34     0   3  2  
 2 Mika Zibanejad           Ilya Kovalchuk           Reyley Smith             32     0   3  2  
 3 Travis Zajac             Brandon Tanev            David Backes             25     1   3  1  
 4 Matt Cullen              Troy Brouwer             Pontus Aberg             9      1   3  1  

5 vs 5 Defense 
   Defense                  Defense                                           Time % Phy DF OF 
 1 Mike Green               Kris Russell                                      33     0   3  2  
 2 Justin Braun             Trevor Daley                                      31     1   3  1  
 3 Caleb Jones              Nick Seeler                                       27     1   3  1  
 4 Mike Green               Nick Seeler                                       9      1   4  0  

PowerPlay Forward 
   Center                   Left Wing                Right Wing               Time % Phy DF OF 
 1 David Krejci             Ilya Kovalchuk           Reyley Smith             50     0   1  4  
 2 Mika Zibanejad           Brad Marchand            Gustav Nyquist           50     0   1  4  

PowerPlay Defense
   Defense                  Defense                                           Time % Phy DF OF 
 1 Mike Green               Kris Russell                                      51     0   1  4  
 2 Justin Braun             Caleb Jones                                       49     0   2  3  

Penalty Kill 4 Players Forward 
   Center                   Wing                     Time % Phy DF OF 
 1 Travis Zajac             Brandon Tanev            52     1   3  1  
 2 David Backes             Matt Cullen              48     0   5  0  

Penalty Kill 4 Players Defense
   Defense                  Defense                  Time % Phy DF OF 
 1 Trevor Daley             Kris Russell             50     1   4  0  
 2 Justin Braun             Nick Seeler              50     1   4  0  

Penalty Kill - 3 Players Forward 
   Forward                                           Time % Phy DF OF 
 1 Travis Zajac                                      55     1   2  2  
 2 David Backes                                      45     1   2  2  

Penalty Kill - 3 Players Defense
   Defense                  Defense                  Time % Phy DF OF 
 1 Mike Green               Kris Russell             55     1   2  2  
 2 Justin Braun             Trevor Daley             45     1   2  2  

4 vs 4 Forward 
   Center                   Wing                     Time % Phy DF OF 
 1 David Krejci             Brad Marchand            51     1   2  2  
 2 Mika Zibanejad           Reyley Smith             49     1   2  2  

4 vs 4 Defense
   Defense                  Defense                  Time % Phy DF OF 
 1 Mike Green               Kris Russell             51     1   2  2  
 2 Justin Braun             Trevor Daley             49     1   2  2  

Last Minutes Offensive
   Center                   Left Wing                Right Wing               Defense                  Defense                  
   David Krejci             Brad Marchand            Reyley Smith             Mike Green               Kris Russell             

Last Minutes Defensive
   Center                   Left Wing                Right Wing               Defense                  Defense                  
   Travis Zajac             Brad Marchand            Reyley Smith             Mike Green               Kris Russell             

Goaltenders
Starting : Sergei Bobrovsky         
Backup : Linus Ullmark            

Extra Forwards
Normal : Ilya Kovalchuk, Brad Marchand, David Krejci - PP : Travis Zajac, Ilya Kovalchuk - PK : Troy Brouwer
Extra Defensemen
Normal : Caleb Jones, Nick Seeler, Justin Braun - PP : Caleb Jones - PK : Nick Seeler, Justin Braun
Penalty Shots
Brad Marchand, David Krejci, Mika Zibanejad, Reyley Smith, Ilya Kovalchuk
Custom OT Lines Forwards
Brad Marchand, David Krejci, Mika Zibanejad, Reyley Smith, Travis Zajac, Gustav Nyquist, Ilya Kovalchuk, David Backes, Troy Brouwer, Matt Cullen
Custom OT Lines Defensemen
Mike Green, Kris Russell, Justin Braun, Trevor Daley, Caleb Jones

Scratches
Dominik Shine (Healthy), Griffin Reinhart (Healthy), Liam O'Brien (Healthy), Kale Kessy (Healthy), Olivier Archambault (Healthy)

% Time on Ice - REGINA FALCONS

Lines # - Real PCT - Wanted PCT - Time Play
Normal Forward
1 - 36% - 37% - 15:48
2 - 35% - 36% - 15:27
3 - 19% - 20% - 8:35
4 - 10% - 7% - 4:18
Normal Defense
1 - 38% - 37% - 16:35
2 - 37% - 35% - 16:13
3 - 25% - 28% - 11:13
4 - 0% - 0% - 0:07
PP Forward
1 - 51% - 55% - 4:03
2 - 49% - 45% - 3:53
PP Defense
1 - 54% - 55% - 4:15
2 - 46% - 45% - 3:41
PK Forward
1 - 58% - 55% - 4:37
2 - 42% - 45% - 3:19
PK Defense
1 - 40% - 55% - 3:09
2 - 60% - 45% - 4:47
PK3 Forward
1 - 0% - 55%
2 - 0% - 45%
PK3 Defense
1 - 0% - 55%
2 - 0% - 45%
44 Forward
1 - 0% - 50%
2 - 0% - 50%
44 Defense
1 - 0% - 50%
2 - 0% - 50%
Last Minute Offensive  - 0:00
Last Minute Defensive  - 0:00
Total
Forward - 60:00
Defense - 60:00

% Time on Ice - WINNIPEG BEAVERS

Lines # - Real PCT - Wanted PCT - Time Play
Normal Forward
1 - 32% - 34% - 14:16
2 - 31% - 32% - 13:44
3 - 26% - 25% - 11:22
4 - 11% - 9% - 4:46
Normal Defense
1 - 36% - 33% - 15:52
2 - 33% - 31% - 14:29
3 - 28% - 27% - 12:21
4 - 3% - 9% - 1:26
PP Forward
1 - 49% - 50% - 3:51
2 - 51% - 50% - 4:05
PP Defense
1 - 51% - 51% - 4:01
2 - 49% - 49% - 3:55
PK Forward
1 - 59% - 52% - 4:42
2 - 41% - 48% - 3:14
PK Defense
1 - 50% - 50% - 3:56
2 - 50% - 50% - 4:00
PK3 Forward
1 - 0% - 55%
2 - 0% - 45%
PK3 Defense
1 - 0% - 55%
2 - 0% - 45%
44 Forward
1 - 0% - 51%
2 - 0% - 49%
44 Defense
1 - 0% - 51%
2 - 0% - 49%
Last Minute Offensive  - 0:00
Last Minute Defensive  - 0:00
Total
Forward - 60:00
Defense - 60:00

Play-by-Play

1st period


0:01 of 1st period - David Krejci wins face-off versus David Pastrnak in neutral zone.
0:06 of 1st period - Shot by Brad Marchand.
0:06 of 1st period - Goal by Brad Marchand - REGINA FALCONS : 0 - WINNIPEG BEAVERS : 1.
0:07 of 1st period - Mika Zibanejad wins face-off versus Boone Jenner in neutral zone.
0:17 of 1st period - Reyley Smith is hit by Joel Edmundson and loses puck.
0:36 of 1st period - Shot by Reyley Smith.
0:36 of 1st period - Stopped by Frederik Andersen without a rebound.
0:37 of 1st period - Travis Zajac wins face-off versus Brian Gibbons in REGINA FALCONS zone.
0:48 of 1st period - Shot by Travis Zajac.
0:48 of 1st period - Shot Misses the Net.
2:05 of 1st period - Shot by Brandon Saad.
2:05 of 1st period - Stopped by Sergei Bobrovsky with a rebound.
2:07 of 1st period - Shot by David Pastrnak.
2:07 of 1st period - Stopped by Sergei Bobrovsky without a rebound.
2:08 of 1st period - Boone Jenner wins face-off versus David Krejci in WINNIPEG BEAVERS zone.
2:15 of 1st period - Shot by Boone Jenner.
2:15 of 1st period - Shot Misses the Net.
2:43 of 1st period - David Krejci is hit by Joel Edmundson and loses puck.
3:44 of 1st period - Shot by Reyley Smith.
3:44 of 1st period - Shot Misses the Net.
3:46 of 1st period - Shot by Reyley Smith.
3:46 of 1st period - Shot Misses the Net.
3:47 of 1st period - Minor Penalty to Joel Edmundson for Charging.
3:48 of 1st period - Mika Zibanejad wins face-off versus Frederick Gaudreau in REGINA FALCONS zone.
4:29 of 1st period - Marc-Edouard Vlasic is hit by David Krejci and loses puck.
5:48 of 1st period - Icing by Mika Zibanejad.
5:49 of 1st period - Nazem Kadri wins face-off versus Matt Cullen in WINNIPEG BEAVERS zone.
5:54 of 1st period - Shot by David Pastrnak.
5:54 of 1st period - Stopped by Sergei Bobrovsky with a rebound.
6:18 of 1st period - David Pastrnak is hit by Troy Brouwer and loses puck.
6:40 of 1st period - Minor Penalty to Ben Harpur for Holding.
6:41 of 1st period - Frederick Gaudreau wins face-off versus Mika Zibanejad in REGINA FALCONS zone.
7:47 of 1st period - Shot by Reyley Smith.
7:47 of 1st period - Stopped by Frederik Andersen without a rebound.
7:48 of 1st period - David Krejci wins face-off versus Brian Gibbons in REGINA FALCONS zone.
8:07 of 1st period - Shot by Reyley Smith.
8:07 of 1st period - Shot Misses the Net.
8:09 of 1st period - Shot by Reyley Smith.
8:09 of 1st period - Deflect By David Krejci.
8:09 of 1st period - Shot Misses the Net.
8:11 of 1st period - Shot by Reyley Smith.
8:11 of 1st period - Stopped by Frederik Andersen without a rebound.
8:12 of 1st period - Frederick Gaudreau wins face-off versus Mika Zibanejad in REGINA FALCONS zone.
8:12 of 1st period - Frederick Gaudreau is hit by Mika Zibanejad.
8:19 of 1st period - Icing by Mika Zibanejad.
8:20 of 1st period - Frederick Gaudreau wins face-off versus Mika Zibanejad in WINNIPEG BEAVERS zone.
8:20 of 1st period - Frederick Gaudreau is hit by Justin Braun.
9:04 of 1st period - Shot by Brandon Tanev.
9:04 of 1st period - Stopped by Frederik Andersen without a rebound.
9:05 of 1st period - Boone Jenner wins face-off versus David Krejci in REGINA FALCONS zone.
9:24 of 1st period - Shot by Max Pacioretty.
9:24 of 1st period - Deflect By Jonathan Miller.
9:24 of 1st period - Stopped by Sergei Bobrovsky with a rebound.
9:28 of 1st period - Shot by Max Pacioretty.
9:28 of 1st period - Deflect By Jonathan Miller.
9:28 of 1st period - Goal by Jonathan Miller - REGINA FALCONS : 1 - WINNIPEG BEAVERS : 1.
9:29 of 1st period - Nazem Kadri wins face-off versus Mika Zibanejad in neutral zone.
10:01 of 1st period - Off-side.
10:02 of 1st period - David Krejci wins face-off versus Brian Gibbons in neutral zone.
10:32 of 1st period - Shot by David Krejci.
10:32 of 1st period - Stopped by Frederik Andersen without a rebound.
10:33 of 1st period - Boone Jenner wins face-off versus Mika Zibanejad in REGINA FALCONS zone.
10:44 of 1st period - Shot by Boone Jenner.
10:44 of 1st period - Shot Misses the Net.
10:46 of 1st period - Shot by Boone Jenner.
10:46 of 1st period - Stopped by Sergei Bobrovsky without a rebound.
10:47 of 1st period - Travis Zajac wins face-off versus Nazem Kadri in WINNIPEG BEAVERS zone.
11:15 of 1st period - Shot by Brandon Tanev.
11:15 of 1st period - Deflect By Travis Zajac.
11:15 of 1st period - Stopped by Frederik Andersen without a rebound.
11:16 of 1st period - Boone Jenner wins face-off versus David Krejci in REGINA FALCONS zone.
11:20 of 1st period - Off-side.
11:21 of 1st period - Boone Jenner wins face-off versus David Krejci in neutral zone.
11:33 of 1st period - Shot by Brad Marchand.
11:33 of 1st period - Shot Misses the Net.
11:37 of 1st period - Shot by Brad Marchand.
11:37 of 1st period - Shot Misses the Net.
11:45 of 1st period - Shot by Brad Marchand.
11:45 of 1st period - Stopped by Frederik Andersen without a rebound.
11:46 of 1st period - Nazem Kadri wins face-off versus Ilya Kovalchuk in REGINA FALCONS zone.
11:59 of 1st period - Shot by Brandon Saad.
11:59 of 1st period - Stopped by Sergei Bobrovsky without a rebound.
12:00 of 1st period - David Krejci wins face-off versus Brian Gibbons in WINNIPEG BEAVERS zone.
12:00 of 1st period - David Krejci is hit by Blake Comeau.
12:01 of 1st period - Minor Penalty to Blake Comeau for Hooking.
12:02 of 1st period - David Krejci wins face-off versus Frederick Gaudreau in REGINA FALCONS zone.
13:02 of 1st period - Icing by Brad Marchand.
13:03 of 1st period - Mika Zibanejad wins face-off versus Frederick Gaudreau in WINNIPEG BEAVERS zone.
13:13 of 1st period - Brad Marchand is hit by Joel Edmundson and loses puck.
14:13 of 1st period - Shot by Brandon Saad.
14:13 of 1st period - Stopped by Sergei Bobrovsky without a rebound.
14:14 of 1st period - Boone Jenner wins face-off versus Matt Cullen in WINNIPEG BEAVERS zone.
16:18 of 1st period - Icing by Justin Braun.
16:19 of 1st period - Brian Gibbons wins face-off versus Mika Zibanejad in WINNIPEG BEAVERS zone.
16:20 of 1st period - Shot by Brady Tkachuk.
16:20 of 1st period - Shot Misses the Net.
17:02 of 1st period - Shot by David Krejci.
17:02 of 1st period - Stopped by Frederik Andersen without a rebound.
17:03 of 1st period - Travis Zajac wins face-off versus Boone Jenner in REGINA FALCONS zone.
17:03 of 1st period - Travis Zajac is hit by Joel Edmundson.
17:32 of 1st period - Shot by Travis Zajac.
17:32 of 1st period - Stopped by Frederik Andersen without a rebound.
17:33 of 1st period - David Krejci wins face-off versus Frederick Gaudreau in REGINA FALCONS zone.
17:40 of 1st period - Kris Russell is hit by Matt Martin and loses puck.
18:00 of 1st period - Icing by Marc-Edouard Vlasic.
18:01 of 1st period - Mika Zibanejad wins face-off versus Frederick Gaudreau in REGINA FALCONS zone.
18:42 of 1st period - Shot by Reyley Smith.
18:42 of 1st period - Stopped by Frederik Andersen with a rebound.
Goals for this period are 1 for REGINA FALCONS vs 1 for WINNIPEG BEAVERS.
Shots for this period are 8 for REGINA FALCONS vs 11 for WINNIPEG BEAVERS.

2nd period


0:01 of 2nd period - Nazem Kadri wins face-off versus David Krejci in neutral zone.
2:03 of 2nd period - Shot by Brandon Tanev.
2:03 of 2nd period - Shot Hit the Post.
2:11 of 2nd period - Shot by Blake Comeau.
2:11 of 2nd period - Shot Misses the Net.
2:13 of 2nd period - Shot by Brian Gibbons.
2:13 of 2nd period - Stopped by Sergei Bobrovsky with a rebound.
2:21 of 2nd period - Shot by Brady Tkachuk.
2:21 of 2nd period - Shot Blocked by Justin Braun.
2:23 of 2nd period - Shot by Ben Harpur.
2:23 of 2nd period - Shot Blocked by Justin Braun.
2:49 of 2nd period - David Krejci is hit by Boone Jenner and loses puck.
3:31 of 2nd period - Shot by Frederick Gaudreau.
3:31 of 2nd period - Stopped by Sergei Bobrovsky without a rebound.
3:32 of 2nd period - Mika Zibanejad wins face-off versus Frederick Gaudreau in WINNIPEG BEAVERS zone.
3:44 of 2nd period - Shot by Matt Martin.
3:44 of 2nd period - Shot Misses the Net.
3:46 of 2nd period - Shot by Frederick Gaudreau.
3:46 of 2nd period - Shot Misses the Net.
3:47 of 2nd period - Minor Penalty to Caleb Jones for Tripping.
3:48 of 2nd period - Boone Jenner wins face-off versus Travis Zajac in WINNIPEG BEAVERS zone.
4:35 of 2nd period - Shot by David Pastrnak.
4:35 of 2nd period - Shot Blocked by Justin Braun.
4:37 of 2nd period - Shot by David Pastrnak.
4:37 of 2nd period - Stopped by Sergei Bobrovsky without a rebound.
4:38 of 2nd period - David Backes wins face-off versus Nazem Kadri in WINNIPEG BEAVERS zone.
5:53 of 2nd period - Shot by Brian Gibbons.
5:53 of 2nd period - Shot Misses the Net.
7:29 of 2nd period - Icing by Brad Marchand.
7:30 of 2nd period - David Krejci wins face-off versus Boone Jenner in WINNIPEG BEAVERS zone.
7:30 of 2nd period - David Krejci is hit by Jonathan Miller.
7:55 of 2nd period - Shot by Mika Zibanejad.
7:55 of 2nd period - Goal by Mika Zibanejad - REGINA FALCONS : 1 - WINNIPEG BEAVERS : 2.
7:56 of 2nd period - Nazem Kadri wins face-off versus Travis Zajac in neutral zone.
8:11 of 2nd period - Shot by Brandon Saad.
8:11 of 2nd period - Deflect By David Pastrnak.
8:11 of 2nd period - Shot Blocked by Brandon Tanev.
8:17 of 2nd period - Travis Zajac is hit by David Pastrnak and loses puck.
8:25 of 2nd period - Off-side.
8:26 of 2nd period - Mika Zibanejad wins face-off versus Boone Jenner in neutral zone.
8:39 of 2nd period - Shot by Boone Jenner.
8:39 of 2nd period - Stopped by Sergei Bobrovsky without a rebound.
8:40 of 2nd period - Brian Gibbons wins face-off versus Matt Cullen in WINNIPEG BEAVERS zone.
8:41 of 2nd period - Shot by Brady Tkachuk.
8:41 of 2nd period - Deflect By Brian Gibbons.
8:41 of 2nd period - Stopped by Sergei Bobrovsky with a rebound.
8:49 of 2nd period - Shot by Brady Tkachuk.
8:49 of 2nd period - Shot Blocked by Justin Braun.
8:57 of 2nd period - Shot by Blake Comeau.
8:57 of 2nd period - Shot Misses the Net.
8:59 of 2nd period - Shot by Brian Gibbons.
8:59 of 2nd period - Shot Misses the Net.
9:16 of 2nd period - Shot by Brady Tkachuk.
9:16 of 2nd period - Shot Hit the Post.
9:18 of 2nd period - Shot by Blake Comeau.
9:18 of 2nd period - Shot Misses the Net.
10:59 of 2nd period - Shot by Jonathan Miller.
10:59 of 2nd period - Stopped by Sergei Bobrovsky with a rebound.
12:00 of 2nd period - Icing by Brandon Tanev.
12:01 of 2nd period - Travis Zajac wins face-off versus Nazem Kadri in WINNIPEG BEAVERS zone.
12:21 of 2nd period - Minor Penalty to Kris Russell for Roughing.
12:22 of 2nd period - Travis Zajac wins face-off versus Nazem Kadri in WINNIPEG BEAVERS zone.
12:22 of 2nd period - Travis Zajac is hit by David Pastrnak.
12:49 of 2nd period - Shot by David Pastrnak.
12:49 of 2nd period - Shot Misses the Net.
13:33 of 2nd period - Shot by Max Pacioretty.
13:33 of 2nd period - Stopped by Sergei Bobrovsky without a rebound.
13:34 of 2nd period - Travis Zajac wins face-off versus David Pastrnak in WINNIPEG BEAVERS zone.
14:32 of 2nd period - Shot by Kris Russell.
14:32 of 2nd period - Stopped by Frederik Andersen with a rebound.
14:38 of 2nd period - Shot by Reyley Smith.
14:38 of 2nd period - Deflect By Mika Zibanejad.
14:38 of 2nd period - Stopped by Frederik Andersen without a rebound.
14:39 of 2nd period - David Krejci wins face-off versus Frederick Gaudreau in REGINA FALCONS zone.
14:39 of 2nd period - David Krejci is hit by Marc-Edouard Vlasic.
14:54 of 2nd period - Matt Martin is hit by Nick Seeler and loses puck.
15:29 of 2nd period - Shot by Jonathan Miller.
15:29 of 2nd period - Shot Misses the Net.
15:31 of 2nd period - Shot by Max Pacioretty.
15:31 of 2nd period - Stopped by Sergei Bobrovsky with a rebound.
16:04 of 2nd period - Icing by David Krejci.
16:05 of 2nd period - Nazem Kadri wins face-off versus David Krejci in WINNIPEG BEAVERS zone.
17:01 of 2nd period - Shot by Mika Zibanejad.
17:01 of 2nd period - Stopped by Frederik Andersen without a rebound.
17:02 of 2nd period - Travis Zajac wins face-off versus Brian Gibbons in REGINA FALCONS zone.
17:05 of 2nd period - Shot by Brandon Tanev.
17:05 of 2nd period - Shot Misses the Net.
17:35 of 2nd period - Shot by Brady Tkachuk.
17:35 of 2nd period - Stopped by Sergei Bobrovsky with a rebound.
18:14 of 2nd period - Shot by Boone Jenner.
18:14 of 2nd period - Stopped by Sergei Bobrovsky with a rebound.
18:16 of 2nd period - Shot by Max Pacioretty.
18:16 of 2nd period - Stopped by Sergei Bobrovsky with a rebound.
18:20 of 2nd period - Shot by Boone Jenner.
18:20 of 2nd period - Shot Blocked by Brandon Tanev.
18:22 of 2nd period - Shot by Ben Harpur.
18:22 of 2nd period - Shot Misses the Net.
18:33 of 2nd period - Max Pacioretty is hit by Kris Russell and loses puck.
19:24 of 2nd period - Shot by Brandon Saad.
19:24 of 2nd period - Shot Misses the Net.
19:33 of 2nd period - Off-side.
19:34 of 2nd period - David Krejci wins face-off versus Brian Gibbons in neutral zone.
19:39 of 2nd period - Icing by Ryan Murray.
19:40 of 2nd period - David Krejci wins face-off versus Brian Gibbons in REGINA FALCONS zone.
Goals for this period are 0 for REGINA FALCONS vs 1 for WINNIPEG BEAVERS.
Shots for this period are 11 for REGINA FALCONS vs 4 for WINNIPEG BEAVERS.

3rd period


0:01 of 3rd period - Nazem Kadri wins face-off versus Mika Zibanejad in neutral zone.
0:03 of 3rd period - Off-side.
0:04 of 3rd period - Mika Zibanejad wins face-off versus David Pastrnak in neutral zone.
0:09 of 3rd period - Shot by Mika Zibanejad.
0:09 of 3rd period - Deflect By Ilya Kovalchuk.
0:09 of 3rd period - Shot Misses the Net.
0:33 of 3rd period - Minor Penalty to Nick Seeler for Boarding.
0:34 of 3rd period - Travis Zajac wins face-off versus Boone Jenner in WINNIPEG BEAVERS zone.
0:43 of 3rd period - Shot by Brandon Tanev.
0:43 of 3rd period - Shot Misses the Net.
0:46 of 3rd period - Icing by Ryan Murray.
0:47 of 3rd period - Boone Jenner wins face-off versus Travis Zajac in REGINA FALCONS zone.
1:02 of 3rd period - Shot by Max Pacioretty.
1:02 of 3rd period - Stopped by Sergei Bobrovsky without a rebound.
1:03 of 3rd period - Nazem Kadri wins face-off versus Matt Cullen in WINNIPEG BEAVERS zone.
1:06 of 3rd period - Shot by Brandon Saad.
1:06 of 3rd period - Shot Misses the Net.
1:45 of 3rd period - Shot by Brandon Saad.
1:45 of 3rd period - Stopped by Sergei Bobrovsky without a rebound.
1:46 of 3rd period - Travis Zajac wins face-off versus Boone Jenner in WINNIPEG BEAVERS zone.
1:55 of 3rd period - Brandon Tanev is hit by Jonathan Miller and loses puck.
2:08 of 3rd period - Shot by Jonathan Miller.
2:08 of 3rd period - Shot Misses the Net.
2:10 of 3rd period - Shot by Ryan Murray.
2:10 of 3rd period - Shot Misses the Net.
2:12 of 3rd period - Shot by Jonathan Miller.
2:12 of 3rd period - Shot Misses the Net.
2:41 of 3rd period - Icing by Reyley Smith.
2:42 of 3rd period - Mika Zibanejad wins face-off versus Brandon Saad in WINNIPEG BEAVERS zone.
2:42 of 3rd period - Reyley Smith is hit by David Pastrnak and loses puck.
2:48 of 3rd period - Mika Zibanejad is hit by Joel Edmundson.
2:49 of 3rd period - Mika Zibanejad from WINNIPEG BEAVERS is injured at 2:49 of 3rd period (Bruised Right Shoulder).
2:50 of 3rd period - Nazem Kadri wins face-off versus David Krejci in REGINA FALCONS zone.
3:00 of 3rd period - Shot by David Pastrnak.
3:00 of 3rd period - Goal by David Pastrnak - REGINA FALCONS : 2 - WINNIPEG BEAVERS : 2.
3:01 of 3rd period - Brad Marchand wins face-off versus Blake Comeau in neutral zone.
3:26 of 3rd period - Minor Penalty to Brad Marchand for Interference.
3:27 of 3rd period - Travis Zajac wins face-off versus Nazem Kadri in WINNIPEG BEAVERS zone.
3:38 of 3rd period - Shot by Ryan Murray.
3:38 of 3rd period - Shot Misses the Net.
3:40 of 3rd period - Shot by Ryan Murray.
3:40 of 3rd period - Shot Misses the Net.
3:42 of 3rd period - Shot by Ryan Murray.
3:42 of 3rd period - Shot Misses the Net.
3:44 of 3rd period - Shot by Ryan Murray.
3:44 of 3rd period - Stopped by Sergei Bobrovsky without a rebound.
3:45 of 3rd period - Max Pacioretty wins face-off versus Travis Zajac in WINNIPEG BEAVERS zone.
4:47 of 3rd period - Shot by Ryan Murray.
4:47 of 3rd period - Stopped by Sergei Bobrovsky without a rebound.
4:48 of 3rd period - David Backes wins face-off versus Nazem Kadri in WINNIPEG BEAVERS zone.
4:48 of 3rd period - David Backes is hit by Brandon Saad.
6:32 of 3rd period - Joel Edmundson is hit by Matt Cullen and loses puck.
7:23 of 3rd period - Shot by Travis Zajac.
7:23 of 3rd period - Shot Misses the Net.
7:36 of 3rd period - Off-side.
7:37 of 3rd period - David Krejci wins face-off versus Nazem Kadri in neutral zone.
8:02 of 3rd period - Icing by Justin Braun.
8:03 of 3rd period - David Krejci wins face-off versus Valeri Nichushkin in WINNIPEG BEAVERS zone.
8:16 of 3rd period - Ryan Murray is hit by Gustav Nyquist and loses puck.
9:16 of 3rd period - Shot by Reyley Smith.
9:16 of 3rd period - Stopped by Frederik Andersen without a rebound.
9:17 of 3rd period - Brandon Tanev wins face-off versus Nazem Kadri in REGINA FALCONS zone.
9:28 of 3rd period - Shot by Brandon Tanev.
9:28 of 3rd period - Shot Misses the Net.
9:51 of 3rd period - Icing by Ron Hainsey.
9:52 of 3rd period - Matt Cullen wins face-off versus Nazem Kadri in REGINA FALCONS zone.
10:02 of 3rd period - Ron Hainsey is hit by Mike Green and loses puck.
10:05 of 3rd period - Shot by Brandon Saad.
10:05 of 3rd period - Deflect By David Pastrnak.
10:05 of 3rd period - Shot Misses the Net.
10:28 of 3rd period - Shot by Ilya Kovalchuk.
10:28 of 3rd period - Shot Blocked by Ron Hainsey.
10:35 of 3rd period - Icing by Mike Green.
10:36 of 3rd period - Matt Cullen wins face-off versus Boone Jenner in WINNIPEG BEAVERS zone.
11:03 of 3rd period - Shot by Jonathan Miller.
11:03 of 3rd period - Shot Misses the Net.
11:33 of 3rd period - Shot by Brad Marchand.
11:33 of 3rd period - Stopped by Frederik Andersen with a rebound.
12:09 of 3rd period - Off-side.
12:10 of 3rd period - Brad Marchand wins face-off versus Brian Gibbons in neutral zone.
12:10 of 3rd period - Reyley Smith is hit by Blake Comeau and loses puck.
12:18 of 3rd period - Off-side.
12:19 of 3rd period - Nazem Kadri wins face-off versus Brad Marchand in neutral zone.
12:24 of 3rd period - Shot by David Pastrnak.
12:24 of 3rd period - Shot Misses the Net.
12:40 of 3rd period - Shot by Brad Marchand.
12:40 of 3rd period - Deflect By Reyley Smith.
12:40 of 3rd period - Stopped by Frederik Andersen without a rebound.
12:41 of 3rd period - Brian Gibbons wins face-off versus Travis Zajac in REGINA FALCONS zone.
12:43 of 3rd period - Icing by Brady Tkachuk.
12:44 of 3rd period - Travis Zajac wins face-off versus Brian Gibbons in REGINA FALCONS zone.
13:08 of 3rd period - Shot by Travis Zajac.
13:08 of 3rd period - Stopped by Frederik Andersen without a rebound.
13:09 of 3rd period - Brad Marchand wins face-off versus Nazem Kadri in REGINA FALCONS zone.
13:11 of 3rd period - Reyley Smith is hit by Ben Harpur.
13:20 of 3rd period - Nazem Kadri is hit by Kris Russell and loses puck.
13:41 of 3rd period - Icing by Kris Russell.
13:42 of 3rd period - Boone Jenner wins face-off versus Brad Marchand in WINNIPEG BEAVERS zone.
15:01 of 3rd period - Icing by Jonathan Miller.
15:02 of 3rd period - Boone Jenner wins face-off versus Matt Cullen in REGINA FALCONS zone.
15:02 of 3rd period - Boone Jenner is hit by Troy Brouwer.
15:08 of 3rd period - Shot by Matt Cullen.
15:08 of 3rd period - Stopped by Frederik Andersen without a rebound.
15:09 of 3rd period - David Krejci wins face-off versus Nazem Kadri in REGINA FALCONS zone.
15:11 of 3rd period - Brad Marchand is hit by Ron Hainsey and loses puck.
15:36 of 3rd period - Shot by Gustav Nyquist.
15:36 of 3rd period - Shot Blocked by Joel Edmundson.
15:38 of 3rd period - Shot by Gustav Nyquist.
15:38 of 3rd period - Shot Blocked by Ron Hainsey.
15:59 of 3rd period - Icing by Ron Hainsey.
16:00 of 3rd period - Matt Cullen wins face-off versus Nazem Kadri in REGINA FALCONS zone.
16:14 of 3rd period - David Pastrnak is hit by Justin Braun and loses puck.
16:20 of 3rd period - Minor Penalty to Brady Tkachuk for High sticking.
16:21 of 3rd period - Travis Zajac wins face-off versus Frederick Gaudreau in REGINA FALCONS zone.
17:02 of 3rd period - Shot by Travis Zajac.
17:02 of 3rd period - Deflect By Brad Marchand.
17:02 of 3rd period - Shot Misses the Net.
17:04 of 3rd period - Shot by Kris Russell.
17:04 of 3rd period - Stopped by Frederik Andersen without a rebound.
17:05 of 3rd period - David Krejci wins face-off versus Brian Gibbons in REGINA FALCONS zone.
18:03 of 3rd period - Icing by David Krejci.
18:04 of 3rd period - David Krejci wins face-off versus Brandon Saad in WINNIPEG BEAVERS zone.
18:38 of 3rd period - Shot by Jonathan Miller.
18:38 of 3rd period - Stopped by Sergei Bobrovsky without a rebound.
18:39 of 3rd period - Nazem Kadri wins face-off versus Travis Zajac in WINNIPEG BEAVERS zone.
18:54 of 3rd period - Off-side.
18:55 of 3rd period - Boone Jenner wins face-off versus Matt Cullen in neutral zone.
19:53 of 3rd period - Travis Zajac is hit by David Pastrnak and loses puck.
Goals for this period are 1 for REGINA FALCONS vs 0 for WINNIPEG BEAVERS.
Shots for this period are 6 for REGINA FALCONS vs 6 for WINNIPEG BEAVERS.

Overtime #1


0:01 of 1st overtime period - Boone Jenner wins face-off versus David Krejci in neutral zone.
0:37 of 1st overtime period - Shot by Brad Marchand.
0:37 of 1st overtime period - Stopped by Frederik Andersen with a rebound.
0:39 of 1st overtime period - Shot by David Krejci.
0:39 of 1st overtime period - Shot Blocked by Brandon Saad.
0:41 of 1st overtime period - Shot by David Krejci.
0:41 of 1st overtime period - Stopped by Frederik Andersen without a rebound.
0:42 of 1st overtime period - Travis Zajac wins face-off versus David Pastrnak in REGINA FALCONS zone.
1:14 of 1st overtime period - Shot by Travis Zajac.
1:14 of 1st overtime period - Stopped by Frederik Andersen without a rebound.
1:15 of 1st overtime period - David Krejci wins face-off versus David Pastrnak in REGINA FALCONS zone.
1:20 of 1st overtime period - Shot by David Krejci.
1:20 of 1st overtime period - Stopped by Frederik Andersen without a rebound.
1:21 of 1st overtime period - David Krejci wins face-off versus David Pastrnak in REGINA FALCONS zone.
1:28 of 1st overtime period - Shot by David Krejci.
1:28 of 1st overtime period - Shot Misses the Net.
1:44 of 1st overtime period - Shot by Brad Marchand.
1:44 of 1st overtime period - Shot Misses the Net.
2:45 of 1st overtime period - Shot by Travis Zajac.
2:45 of 1st overtime period - Stopped by Frederik Andersen without a rebound.
2:46 of 1st overtime period - Travis Zajac wins face-off versus Jonathan Miller in REGINA FALCONS zone.
3:27 of 1st overtime period - Shot by Brad Marchand.
3:27 of 1st overtime period - Goal by Brad Marchand - REGINA FALCONS : 2 - WINNIPEG BEAVERS : 3.
Goals for this period are 0 for REGINA FALCONS vs 1 for WINNIPEG BEAVERS.
Shots for this period are 0 for REGINA FALCONS vs 6 for WINNIPEG BEAVERS.


SEBASTIAN
AHO
MARK
SCHEIFELE
JAKE
OETTINGER

EAST COAST

HOCKEY LEAGUE

  • 17.QUE3CHI2
  • 18.CHA2LIM4
  • 19.TRV3LON2
  • 20.CHW1BAL2
  • 21.PITMAN
  • 22.ATLNHW
  • 23.WORPET
  • 24.RHI